 Dungeon Crawl Stone Soup version 0.31.0 (webtiles) character file.

Game seed: 16474085629081299103

84 qw the Shooter (level 4, 0/28 HPs)
             Began as a Gargoyle Hunter on Jan 19, 2024.
             Slain by Sigmund
             ... wielding a +0 scythe
              (9 damage)
             ... on level 2 of the Dungeon.
             The game lasted 00:00:04 (1408 turns).

qw the Shooter (Gargoyle Hunter)                    Turns: 1408, Time: 00:00:04

Health: 0/28       AC:  6    Str: 15    XL:     4   Next: 46%
Magic:  4/4        EV: 12    Int:  9    God:
Gold:   104        SH:  0    Dex: 21    Spells: 3/3 levels left

rFire   . . .        a - +0 shortbow
rCold   . . .        (shield currently unavailable)
rNeg    + . .        c - +0 leather armour
rPois   inf          (no helmet)
rElec   +            (no cloak)
rCorr   .            (no gloves)
SInv    .            (no boots)
Will    .....        (no amulet)
Stlth   ++           f - +6 ring of dexterity
HPRegen 0.24/turn    (no ring)
MPRegen 0.09/turn

%: no passive effects
@: no status effects
A: sickness immunity, AC +3, negative energy resistance 1, electricity
resistance, torment resistance 1, petrification resistance
a: no special abilities


You were on level 2 of the Dungeon.
You visited 1 branch of the dungeon, and saw 2 of its levels.

You collected 104 gold pieces.


Innate Abilities, Weirdness & Mutations

You are immune to sickness and miasma.
Your stone body is resilient. (AC +3)
You are immune to poison.
You resist negative energy. (rN+)
You are resistant to electric shocks. (rElec)
You are resistant to unholy torment.
You are immune to petrification.


   Skills:
 - Level 3.0 Fighting
 + Level 5.4 Ranged Weapons
 - Level 1.5 Dodging
 - Level 1.1 Stealth


You had 3 spell levels left.
You didn't know any spells.
Your spell library was empty.

Inventory:

Hand Weapons
 a - a +0 shortbow (weapon)
Armour
 c - a +0 leather armour (worn)
 g - a +0 ring mail
Jewellery
 f - a +6 ring of dexterity (left hand)
Scrolls
 b - a scroll of identify
 d - 2 scrolls of teleportation {unknown}
Potions
 e - a potion of heal wounds
 h - a potion of might
 j - a potion of resistance {unknown}
 k - a potion of haste {unknown}

Dungeon Overview and Level Annotations

Branches:
Dungeon (2/15)

Altars:

Annotations:
D:2 Sigmund


Message History

a +0 flail; an orc corpse You now have 95 gold pieces (gained 1).
There is a fountain of clear blue water here.
You now have 104 gold pieces (gained 9).
You see here a flux talisman.
There is a stone staircase leading up here.
Things that are here:
a +0 short sword; a kobold skeleton Sigmund the Dreaded comes into view.
He is wielding a +0 scythe.
Sigmund shouts!
You shoot an arrow. The arrow hits Sigmund.
Sigmund is lightly wounded.
You shoot an arrow. The arrow hits Sigmund.
Sigmund is moderately wounded.
A frilled lizard comes into view.
Sigmund gestures at you while chanting. The magic dart hits you.
You shoot an arrow. The frilled lizard hisses angrily.
The arrow hits Sigmund.
Sigmund is moderately wounded.
You shoot an arrow. The arrow hits Sigmund.
Sigmund is heavily wounded.
Sigmund hits you from afar with a +0 scythe.
You shoot an arrow. The arrow barely misses Sigmund.
Sigmund casts a spell at you. The magic dart hits you!
You shoot an arrow. The arrow misses the frilled lizard.
The frilled lizard closely misses you.
Sigmund points at you and mumbles some strange words.
You are confused.
1407 ||| DRINKING fizzy clear potion.
It was a potion of curing.
You feel better.
The frilled lizard bites you but does no damage.
Sigmund hits you from afar with a +0 scythe!
You shoot an arrow. The arrow hits the frilled lizard!
You kill the frilled lizard!
Sigmund hits you from afar with a +0 scythe!
You die...
Sigmund begins carving another notch in his scythe.

########..... #######
#....> ....... ..#####.....
....... #...........
....... ########.... ......
#..... ...@## #..... #..###
#..... #@..# ##.... ###.#
##... #.### #...
############...# #...
#.........####.# #...
#.........####.#### #...
#......<.....)....# #.#.
#.........####.##.######...
########.### #.##........%.


You could see Sigmund.

Vanquished Creatures
  An orc priest (D:2)
  An adder (D:2)
  2 orcs (D:2)
  4 endoplasms
  2 giant cockroaches
  6 hobgoblins
  3 jackals (D:1)
  4 kobolds
  A quokka (D:1)
  6 ball pythons
  3 bats
  4 frilled lizards
  3 goblins
  A rat (D:1)
41 creatures vanquished.

Notes
Turn   | Place    | Note
-------+----------+-------------------------------------------
     0 | D:1      | qw the Gargoyle Hunter began the quest for the Orb.
     0 | D:1      | Reached XP level 1. HP: 12/12 MP: 1/1
     0 | D:1      | 0 ||| qw: Version: 0.3-a-132-g3d54051
     0 | D:1      | 0 ||| qw: Game counter: 90
     0 | D:1      | 0 ||| qw: Melee chars always use a shield: true
     0 | D:1      | 0 ||| qw: God list: Okawaru
     0 | D:1      | 0 ||| qw: Allow faded altars: false
     0 | D:1      | 0 ||| qw: Do Orc after clearing Dungeon:15 true
     0 | D:1      | 0 ||| qw: Do second Lair branch before Depths: true
     0 | D:1      | 0 ||| qw: Lair rune preference: random
     0 | D:1      | 0 ||| qw: Goals: Normal
     0 | D:1      | 0 ||| PLANNING D:1-11
    91 | D:1      | Reached XP level 2. HP: 17/17 MP: 2/2
   768 | D:1      | 768 ||| UPGRADING to +6 ring of dexterity.
   769 | D:1      | 769 ||| READING scroll labelled BEZUCO YNYUQU.
   870 | D:1      | 870 ||| READING 3 scrolls labelled NUKLOD XOMEIN.
   971 | D:1      | 971 ||| READING 2 scrolls labelled OMMUF VYCREMET.
   971 | D:1      | 971 ||| IDENTIFYING puce potion
   972 | D:1      | 972 ||| READING scroll of identify.
   972 | D:1      | 972 ||| IDENTIFYING yellow potion
   973 | D:1      | 973 ||| DROPPING scroll of butterflies.
   974 | D:1      | 974 ||| DROPPING 2 scrolls of vulnerability.
  1018 | D:2      | 1018 ||| STAIRDANCE
  1022 | D:1      | Reached XP level 3. HP: 21/21 MP: 3/3
  1036 | D:2      | Reached skill level 5 in Ranged Weapons
  1252 | D:2      | Reached skill level 3 in Fighting
  1254 | D:2      | Reached XP level 4. HP: 28/28 MP: 4/4
  1400 | D:2      | Noticed Sigmund
  1407 | D:2      | 1407 ||| DRINKING fizzy clear potion.
  1408 | D:2      | Slain by Sigmund

Levels and vault maps discovered:
D:1:      dpeg_arrival_stone_temple_mockup, layout_loops_corners
D:2:      cheibrodos_pilgrimage, layout_rooms, minmay_heptomino_o4,
          uniq_sigmund, uniq_jessica

Skill      XL: |  1  2  3 |
---------------+----------+-----
Ranged Weapons | 5 |  5.4
Fighting       | 3 |  3.0
Dodging        | |  1.5
Stealth        | |  1.1

Action                     |  1- 3 |  4- 6 || total
---------------------------+-------+-------++-------
   Fire: Shortbow          |    90 |    10 ||   100
    Use: Scroll            |     4 |       ||     4
         Potion            |       |     1 ||     1
 Armour: Leather armour    |    12 |     6 ||    18
  Dodge: Dodged            |    26 |     2 ||    28

Table legend:
 A = Non-vault XP
 B = Vault XP
 C = Vault XP percentage of total XP
 D = Non-vault monster count
 E = Vault monster count
 F = Vault count percentage of total count
                 A         B        C        D         E       F
            +---------+---------+-------+---------+---------+-------
      Total |      72 |      50 |  41.0 |      38 |       3 |   7.3
            +---------+---------+-------+---------+---------+-------
        D:1 |      35 |       0 |   0.0 |      21 |       0 |   0.0
        D:2 |      37 |      50 |  57.5 |      17 |       3 |  15.0
            +---------+---------+-------+---------+---------+-------
